 Dungeon Crawl Stone Soup version 0.31.0-12-g77e489cdc1 (webtiles) character file.

Game seed: 6992507125055073581

9902 Gadfly the Grappler (level 11, -4/90 HPs)
             Began as a Merfolk Shapeshifter on Feb 13, 2024.
             Was a Follower of Ru.
             Slain by a meliai
             ... wielding a +0 hand axe
              (7 damage)
             ... on level 13 of the Dungeon.
             The game lasted 00:29:24 (13037 turns).

Gadfly the Grappler (Merfolk Shapeshifter)         Turns: 13037, Time: 00:29:25

Health: -4/90      AC:  7    Str: 18    XL:     11   Next: 53%
Magic:  11/11      EV: 21    Int: 10    God:    Ru [*.....]
Gold:   1322       SH:  0    Dex: 14    Spells: 3/10 levels left

rFire   . .          .
                       - Unarmed
rCold   . . .        (no shield)
rNeg    . . .        i - +5 robe of Misfortune {Harm *Corrode *Slow EV+5}
rPois   .            f - melded +0 helmet
rElec   .            v - melded +0 cloak
rCorr   +            (gloves currently unavailable)
SInv    +            l - melded +0 pair of boots
Will    .....        (no amulet) Stlth
                     y - ring of resist corrosion
HPRegen 0.35/turn    k - ring of see invisible
MPRegen 0.12/turn

%: corrode self (3%), slow self (1%), harm (+30% outgoing, +20% incoming)
@: beast-form, studying Fighting
A: beast (slay +4), no stealth, no conjurations magic, no earth magic, no
alchemy magic, (nimble swimmer 2), mertail
a: Begin Untransformation, Renounce Religion


You were on level 13 of the Dungeon.
You worshipped Ru.
Ru was aware of your devotion.
You were a hulking beast.
You visited 2 branches of the dungeon, and saw 12 of its levels.

You collected 1322 gold pieces.

Inventory:

Hand Weapons
 b - a +2 dagger of venom
 u - a +2 hand axe of freezing
 w - a +1 war axe of flaming
 A - a +4 hand axe
 B - a +0 scimitar
Armour
 f - a +0 helmet (melded)
 i - the +5 robe of Misfortune (worn) {Harm *Corrode *Slow EV+5}
   (You found it on level 2 of the Dungeon)

   EV+5:      It affects your evasion (+5).
   *Corrode:  It may corrode you when you take damage.
   *Slow:     It may slow you when you take damage.
   Harm:      It increases damage dealt and taken.
 l - a +0 pair of boots (melded)
 r - a +1 leather armour of cold resistance
 v - a +0 cloak (melded)
 x - +0 steam dragon scales
Jewellery
 k - a ring of see invisible (right hand)
 o - a ring of protection from cold
 y - a ring of resist corrosion (left hand)
Talismans
 c - a beast talisman (active)
 d - a flux talisman
 C - a blade talisman
Wands
 a - a wand of flame (39) (quivered)
 n - a wand of paralysis (19)
 s - a wand of mindburst (13)
Scrolls
 e - 2 scrolls of identify
 g - a scroll of enchant armour
 h - 5 scrolls of teleportation
 t - a scroll of fog
 E - a scroll of fear
Potions
 j - 3 potions of curing
 m - 3 potions of mutation
 p - 3 potions of enlightenment
 q - 3 potions of might
 z - a potion of berserk rage
 D - a potion of heal wounds {unknown}
 F - a potion of attraction {unknown}


   Skills:
 + Level 9.7 Fighting
 + Level 9.5 Dodging
 * Level 9.8 Unarmed Combat
 * Level 9.0 Evocations
 * Level 9.7 Shapeshifting


You had 3 spell levels left.
You knew the following spells:

 Your Spells              Type           Power      Damage    Failure   Level
a - Blink                 Tloc           0%         N/A       50%         2
b - Ozocubu's Armour      Ice            0%         N/A       75%         3
c - Call Imp              Summ           0%         N/A       50%         2

Your spell library contained the following spells:

 Spells                   Type           Power      Damage    Failure   Level
 Ensorcelled Hibernation  Hex/Ice        0%         N/A       50%         2
 Scorch                   Fire           0%         2d5       50%         2
 Call Canine Familiar     Summ           0%         N/A       75%         3
 Fugue of the Fallen      Necr           0%         N/A       75%         3
 Sigil of Binding         Hex            0%         N/A       75%         3
 Summon Ice Beast         Ice/Summ       0%         N/A       75%         3
 Anguish                  Hex/Necr       0%         N/A       98%         4
 Dimensional Bullseye     Hex/Tloc       0%         N/A       98%         4
 Metabolic Englaciation   Hex/Ice        0%         N/A       100%        5
 Summon Cactus Giant      Summ           0%         N/A       100%        6
 Summon Hydra             Summ           0%         N/A       100%        7
 Magic Dart               Conj           Unusable   1d3       N/A         1
 Flame Wave               Conj/Fire      Unusable   2d4       N/A         4
 Sculpt Simulacrum        Ice/Alch       Unusable   N/A       N/A         6
 Spellforged Servitor     Conj/Summ      Unusable   N/A       N/A         7

Dungeon Overview and Level Annotations

Branches:
Dungeon (13/15)            Temple (1/1) D:6            Lair (0/5) D:8
    Orc: D:9-12      Vaults: D:13-14

Altars:
Ashenzari
Cheibriados
Elyvilon
Fedhas
Gozag
Hepliaklqana
Kikubaaqudgha
Makhleb
Nemelex Xobeh
Okawaru
Qazlal
Ru
Sif Muna
Trog
Uskayaw
Vehumet
Wu Jian
Xom
Yredelemnul
Zin
The Shining One

Annotations:
D:8 2 transporters, Gadfly's ghost, novice DsMo


Innate Abilities, Weirdness & Mutations

You are a hulking beast.
Your limbs bulge with bestial killing power. (Slay +4)
You cannot be stealthy.
You cannot study or cast Conjurations magic.
You cannot study or cast Earth magic.
You cannot study or cast Alchemy magic.
((You are very nimble when in or above water. (Stealth+, EV+, Speed+++)))
Your lower body shifts to a powerful aquatic tail in water.


Message History

The meliai poisons you!
You barely miss the meliai.
The meliai is moderately wounded.
You feel very sick. The meliai hits you with a +0 hand axe!
The meliai stings you. The meliai barely misses you. The meliai stings you.
You are more poisoned.
The meliai poisons you!
The meliai calls down the wrath of its god upon you.
Something smites you!
You feel better. The meliai hits you with a +0 hand axe! The meliai misses you.
The meliai barely misses you. The meliai closely misses you.
Aiming: Mindburst
Press: ? - help, Shift-Dir - straight line, f - meliai
Aim: a meliai, wielding a +0 hand axe and wearing a +0 leather armour (moderately wounded, chance to affect: 88%)
The meliai's mind is blasted!!!
You blow up the meliai!
The meliai barely misses you. The meliai misses you.
You punch the meliai!
The meliai is almost dead.
The meliai invokes the aid of its god against you.
Something smites you!
* * * LOW HITPOINT WARNING * * *
The meliai hits you but does no damage.
The meliai stings you but does no damage.
You hit the meliai but do no damage.
The meliai is almost dead.
The meliai barely misses you. The meliai stings you.
* * * LOW HITPOINT WARNING * * *
Unknown command.
You hit the meliai.
You kill the meliai!
The meliai misses you. The meliai closely misses you.
Your Evocations skill increases to level 9!
You punch the meliai!
The meliai is heavily wounded.
The meliai hits you with a +0 hand axe!
* * * LOW HITPOINT WARNING * * *
The meliai barely misses you. The meliai hits you with a +0 hand axe.
You die...

####.#### #......#
#..# ####+### #.##
##.#### #.....#
#....<###### ##
####..........# ..
#........####.##.###.#
#..##.....# #.hy.....#
.. #.....# ####.#####
# #.....# .. #.....#
## #.....# ###.### #.#
..# ##


You could see a meliai.

Vanquished Creatures
  2 two-headed ogres
  An ugly thing (D:13)
  Maurice (D:7)
  A manticore (D:13)
  2 meliai (D:13)
  A gargoyle (D:13)
  Maggie (D:7)
  Grinder (D:5)
  A shadow (D:7)
  3 wraiths
  2 wyverns
  5 yaks
  2 steam dragons
  2 acid dragons
  Duvessa (D:7)
  3 orc warriors
  A sky beast (D:6)
  A black bear (D:4)
  An ogre (D:7)
  A crocodile (shapeshifter) (D:13)
  2 centaurs
  A phantom (D:7)
  3 kobold brigands
  5 bullfrogs
  A gnoll sergeant (D:9)
  2 scorpions
  A scorpion (shapeshifter) (D:10)
  9 wights
  Dowan (D:7)
  3 killer bees (D:8)
  6 electric eels (D:8)
  7 howler monkeys
  5 hounds
  2 bombardier beetles
  6 orc priests
  2 gnoll boudas
  2 jellies (D:7)
  A sleepcap (D:5)
  2 iguanas
  Natasha (thrice) (D:3)
  A hell rat (D:8)
  10 orc wizards
  11 gnolls
  4 adders
  2 shadow imps
  2 white imps
  2 dart slugs
  3 ribbon worms
  36 orcs
  9 bats
  6 endoplasms
  4 giant cockroaches
  7 goblins
  15 hobgoblins
  4 jackals (D:2)
  17 kobolds
  6 quokkas
  6 ball pythons
  2 frilled lizards
  7 rats
251 creatures vanquished.

Vanquished Creatures (collateral kills)
  A kobold (D:9)
1 creature vanquished.

Vanquished Creatures (others)
  Blork the orc (D:6)
  An orc (D:8)
2 creatures vanquished.

Grand Total: 254 creatures vanquished

Notes
Turn   | Place    | Note
-------+----------+-------------------------------------------
     0 | D:1      | Gadfly the Merfolk Shapeshifter began the quest for the
                  | Orb.
     0 | D:1      | Reached XP level 1. HP: 15/15 MP: 1/1
   126 | D:1      | Reached XP level 2. HP: 21/21 MP: 2/2
   280 | D:1      | Found a faded altar of an unknown god.
   338 | D:1      | Reached skill level 1 in Evocations
   487 | D:1      | Reached XP level 3. HP: 27/27 MP: 3/3
  1043 | D:2      | Found the +5 robe of Misfortune {Harm *Corrode *Slow EV+5}
  1051 | D:2      | Found a basalt altar of Yredelemnul.
  1358 | D:2      | Reached XP level 4. HP: 33/33 MP: 4/4
  1828 | D:3      | Noticed Natasha
  1843 | D:3      | Killed Natasha
  1955 | D:3      | Found a sacrificial altar of Ru.
  1964 | D:3      | Became a worshipper of Ru the Awakened
  1969 | D:3      | Found an iron altar of Okawaru.
  2051 | D:3      | Found a basalt altar of Yredelemnul.
  2052 | D:3      | Found a glowing golden altar of the Shining One.
  2052 | D:3      | Found an ornate altar of the Wu Jian Council.
  2053 | D:3      | Found a radiant altar of Vehumet.
  2058 | D:3      | Found a broken altar of Ashenzari.
  2085 | D:3      | Noticed Natasha
  2089 | D:3      | Reached XP level 5. HP: 39/39 MP: 5/5
  2101 | D:3      | Killed Natasha
  2376 | D:3      | Learned a level 2 spell: Blink
  2444 | D:3      | Noticed Natasha
  2456 | D:3      | Killed Natasha
  2457 | D:3      | Reached XP level 6. HP: 32/46 MP: 6/6
  2883 | D:4      | Noticed a black bear
  2888 | D:4      | Killed a black bear
  3430 | D:4      | Gained mutation: You cannot study or cast Earth magic. [Ru
                  | sacrifice]
  3430 | D:4      | Gained mutation: You cannot study or cast Alchemy magic.
                  | [Ru sacrifice]
  3430 | D:4      | Gained mutation: You cannot study or cast Conjurations
                  | magic. [Ru sacrifice]
  3430 | D:4      | Reached * piety under Ru
  3518 | D:4      | Reached XP level 7. HP: 51/52 MP: 7/7
  3640 | D:4      | Got the Codex of Hedonism
  3731 | D:5      | Entered Level 5 of the Dungeon
  3760 | D:5      | Noticed Grinder
  3768 | D:5      | Paralysed by Grinder for 5 turns
  3776 | D:5      | Killed Grinder
  3777 | D:5      | Reached skill level 5 in Dodging
  3777 | D:5      | Reached skill level 5 in Unarmed Combat
  3946 | D:5      | Noticed a wraith
  3973 | D:5      | Killed a wraith
  3974 | D:5      | Reached skill level 5 in Shapeshifting
  3974 | D:5      | Reached XP level 8. HP: 29/61 MP: 8/8
  4215 | D:5      | Noticed a yak
  4217 | D:5      | Noticed a yak
  4217 | D:5      | Noticed a yak
  4218 | D:5      | Noticed a yak
  4220 | D:5      | Noticed a yak
  4233 | D:4      | Killed a yak
  4234 | D:4      | Reached skill level 5 in Fighting
  4234 | D:4      | Reached skill level 5 in Evocations
  4239 | D:4      | HP: 3/62 [yak (16)]
  4242 | D:4      | Killed a yak
  4456 | D:4      | Killed a yak
  4465 | D:4      | Killed a yak
  4603 | D:5      | Killed a yak
  4613 | D:5      | Reached XP level 9. HP: 39/69 MP: 9/9
  4617 | D:5      | Learned a level 3 spell: Ozocubu's Armour
  5750 | D:6      | Found a stormy altar of Qazlal.
  5928 | D:6      | Found a staircase to the Ecumenical Temple.
  6063 | Temple   | Entered the Ecumenical Temple
  6120 | D:6      | Gained mutation: You cannot be stealthy. [Ru sacrifice]
  6126 | D:6      | Found a hazy altar of Hepliaklqana.
  6267 | D:6      | Noticed Blork the orc
  6275 | D:6      | Killed Blork the orc
  6440 | D:6      | Identified a scroll of acquirement
  6440 | D:6      | Acquired 751 gold pieces
  6966 | D:7      | Noticed Maurice
  6970 | D:7      | Maurice stole a +1 whip of freezing
  6974 | D:7      | Maurice stole a beast talisman
  6978 | D:7      | Maurice stole 428 gold
  6980 | D:7      | Maurice stole 257 gold
  6981 | D:7      | Killed Maurice
  6982 | D:7      | Reached XP level 10. HP: 25/80 MP: 10/10
  7182 | D:7      | Noticed Dowan
  7187 | D:7      | Noticed Duvessa
  7397 | D:7      | Killed Duvessa
  7405 | D:7      | Killed Dowan
  7581 | D:7      | Noticed Maggie
  7595 | D:7      | Killed Maggie
  8125 | D:7      | Learned a level 2 spell: Call Imp
  8333 | D:8      | Found a transporter.
  8335 | D:8      | Found a transporter.
  8347 | D:8      | Found a bloodstained altar of Trog.
  8347 | D:8      | Noticed a two-headed ogre
  8347 | D:8      | Noticed Gadfly's ghost (novice DsMo)
  8350 | D:8      | Noticed a moth of wrath
  8754 | D:8      | Found a glowing silver altar of Zin.
  9066 | D:8      | Found a bloodstained altar of Trog.
  9316 | D:8      | Noticed a death yak
  9321 | D:8      | Noticed a death yak
  9356 | D:8      | Noticed a death yak
  9633 | D:8      | Found a staircase to the Lair.
 10135 | D:8      | Acquired a manual of Fighting
 11474 | D:8      | Reached XP level 11. HP: 60/82 MP: 11/11
 11699 | D:9      | Found an ancient bone altar of Kikubaaqudgha.
 11707 | D:9      | Found a shimmering altar of Xom.
 11986 | D:10     | Entered Level 10 of the Dungeon
 12029 | D:10     | Noticed a two-headed ogre
 12037 | D:10     | Killed a two-headed ogre
 12461 | D:10     | You fall into a shaft and drop 3 floors!
 12468 | D:13     | Noticed a two-headed ogre
 12487 | D:13     | Killed a two-headed ogre
 12715 | D:13     | Noticed a white ugly thing
 12715 | D:13     | Noticed a manticore
 12728 | D:13     | Killed a white ugly thing
 12736 | D:13     | Killed a manticore
 13037 | D:13     | HP: 3/90 [meliai/+0 hand axe (13)]
 13037 | D:13     | Slain by a meliai

Illustrated notes

Levels and vault maps discovered:
D:1:      shiori_arrival_whats_in_store_for_you, layout_loops_ring,
          hellmonk_ecumenical_altar_leap_of_faith,
          chequers_serial_rivers_micro_b, minmay_hexomino_r4
D:2:      layout_basic, basic_altar, minmay_worlds_worst_comb
D:3:      layout_loops_ring, nicolae_ashenzari_panopticon,
          chequers_temple_overflow_statue_of_worship, jmf_multi_god_temple2,
          minmay_misc_feat_diagonals, kennysheep_decorative_pillar, uniq_natasha
D:4:      layout_cave_pods, kennysheep_opposing_triangles
D:5:      layout_gridville, serial_glass, glass_columns_a, glass_columns_a,
          glass_columns_a, item_on_display_a, due_unseen_surprise,
          minmay_strange_pillars, uniq_grinder
D:6:      layout_loops_cross, mainiacjoe_overflow_chevrons,
          nicolae_qazlal_beasts_of_the_sky, lemuel_temple_firewalk_b,
          serial_rivers, chequers_serial_rivers_micro_b,
          chequers_serial_rivers_micro_a, chequers_serial_rivers_micro_c,
          chequers_serial_rivers_micro_d, uniq_blork_the_orc
D:7:      layout_basic, kennysheep_generic_room_9, uniq_duvessa, uniq_maggie,
          uniq_maurice
D:8:      layout_basic, kennysheep_mini, mainiacjoe_overflow_six_doors_small,
          dpeg_lair_monsters, serial_bayou, serial_bayou_lagoon_b,
          serial_bayou_pond_d, serial_bayou_pond_c, serial_bayou_lagoon_a,
          gammafunk_ghost_wrathful_warriors
D:9:      layout_rooms, minitemple, minivault_1
D:10:     nicolae_hitomezashi [nicolae_hito_row, nicolae_hito_row,
          nicolae_hito_row, nicolae_hito_row, nicolae_hito_row,
          nicolae_hito_row, nicolae_hito_row, nicolae_hito_row,
          nicolae_hito_row, nicolae_hito_row, nicolae_hito_row,
          nicolae_hito_row, nicolae_hito_row, nicolae_hito_row,
          nicolae_hito_row, nicolae_hito_row, nicolae_hito_row,
          nicolae_hito_row], layout_gridville, mainiacjoe_overflow_boulevard,
          guppyfry_early_elven_hall
D:13:     layout_roguey, serial_shops, shop
Temple:   nicolae_temple_colour_theory

Skill      XL: |  1  2  3  4  5  6  7  8  9 10 11 |
---------------+----------------------------------+-----
Dodging        | 3 4 5 6 7 8 9 |  9.5
Evocations     | 1 2 3 4 6 7 8 9 |  9.0
Fighting       | 2 3 4 6 7 8 9 |  9.7
Unarmed Combat | 4 5 7 8 9 |  9.8
Shapeshifting  | 5 7 8 9 |  9.7

Action                     |  1- 3 |  4- 6 |  7- 9 | 10-12 || total
---------------------------+-------+-------+-------+-------++-------
  Melee: Unarmed           |   114 |   160 |   296 |   407 ||   977
         Punch             |     2 |     8 |    18 |    31 ||    59
   Cast: Ozocubu's Armour  |       |       |       |     2 ||     2
         Call Imp          |       |       |       |     2 ||     2
 Invoke: Sacrifice Arcana  |       |     1 |       |       ||     1
         Sacrifice Stealth |       |       |     1 |       ||     1
         Reject Sacrifices |       |       |       |     1 ||     1
Ability: Begin Untransform |       |     1 |       |     2 ||     3
  Evoke: Wand              |       |       |     1 |    14 ||    15
    Use: Scroll            |     2 |     8 |     3 |     7 ||    20
         Potion            |     2 |       |     1 |     2 ||     5
   Stab: Sleeping          |     3 |     3 |     1 |       ||     7
         Distracted        |       |       |       |     2 ||     2
         Paralysed         |       |       |       |     5 ||     5
 Armour: Animal skin       |    57 |       |       |       ||    57
         Skin              |    11 |       |       |     2 ||    13
         Robe              |     2 |    65 |   109 |   210 ||   386
         Steam dragon scal |       |       |       |     6 ||     6
  Dodge: Dodged            |    81 |   117 |   217 |   442 ||   857
   Form: Beast             |       |       |     1 |     3 ||     4
         Flux              |       |       |       |     1 ||     1
